 Dungeon Crawl Stone Soup version 0.26-a0-597-gb535b0901c (webtiles) character file.

Game seed: 6978695519908446538

383 graki42 the Magician (level 6, -4/32 HPs)
             Began as a Deep Elf Fire Elementalist on Sept 7, 2020.
             Slain by a centaur zombie (8 damage)
             ... in an ossuary.
             The game lasted 00:10:19 (3776 turns).

graki42 the Magician (Deep Elf Fire Elementalist)   Turns: 3776, Time: 00:10:20

Health: -4/32      AC:  2    Str:  7    XL:     6   Next: 47%
Magic:  5/16       EV: 13    Int: 20    God:
Gold:   169        SH:  0    Dex: 15    Spells: 9/16 levels left

rFire    . . .     SeeInvis .   c - +0 dagger
rCold    . . .     Faith    .   (no shield)
rNeg     . . .     Spirit   .   a - +0 robe
rPois    +         Reflect  .   (no helmet)
rElec    .         Harm     .   (no cloak)
rCorr    .                      (no gloves)
MR       .....                  (no boots)
Stlth    ++........             (no amulet)
HPRegen  0.10/turn              d - ring of flight
MPRegen  0.15/turn              k - ring of poison resistance

@: no status effects
A: no striking features
a: Evoke Flight


You were in an ossuary.
You visited 1 branch of the dungeon, and saw 4 of its levels.
You also visited: Ossuary.

You collected 169 gold pieces.

Inventory:

Hand Weapons
 c - a +0 dagger (weapon)
Armour
 a - a +0 robe (worn)
Jewellery
 d - a ring of flight (left hand)
 k - a ring of poison resistance (right hand)
Scrolls
 b - 4 scrolls of remove curse {unknown}
 e - 3 scrolls of enchant armour {unknown}
 f - a scroll of magic mapping {unknown}
 g - 2 scrolls of noise {unknown}
 i - a scroll of amnesia {unknown}
 j - a scroll of teleportation {unknown}
 l - a scroll of random uselessness {unknown}
 o - 2 scrolls of identify {unknown}
Potions
 h - a potion of brilliance {unknown}
 m - 2 potions of degeneration {unknown}
 n - a potion of heal wounds {unknown}
 p - a potion of mutation {unknown}


   Skills:
 - Level 3.0 Dodging
 - Level 3.0 Stealth
 + Level 5.7 Spellcasting
 + Level 3.9 Conjurations
 + Level 5.2 Fire Magic


You had 9 spell levels left.
You knew the following spells:

 Your Spells              Type           Power        Failure   Level
a - Foxfire               Conj/Fire      ###.         1%          1
b - Conjure Flame         Conj/Fire      ###.....     4%          3
c - Inner Flame           Hex/Fire       ###.....     11%         3

Your spell library contained the following spells:

 Spells                   Type           Power        Failure   Level
 Sticky Flame             Conj/Fire      ###.....     16%         4
 Fireball                 Conj/Fire      ###.......   41%         5


Dungeon Overview and Level Annotations

Branches:
Dungeon (4/15)            Ossuary (1/1)
 Temple: D:4-7

Altars:
Okawaru
Uskayaw


Message History

The big kobold zombie is moderately damaged.
The foxfire hits the big kobold zombie.
The big kobold zombie is moderately damaged.
The centaur zombie hits you.
* * * LOW HITPOINT WARNING * * *
Casting: Foxfire (safe; 1% risk of failure)
Confirm with . or Enter, or press ? or * to list all spells.
You conjure some foxfire!
The centaur zombie hits you.
* * * LOW HITPOINT WARNING * * *
Your foxfire dissipates!
The foxfire hits the big kobold zombie!
The big kobold zombie is heavily damaged.
The foxfire hits the big kobold zombie.
The big kobold zombie is heavily damaged.
The centaur zombie barely misses you. The centaur zombie barely misses you.
Casting: Foxfire (safe; 1% risk of failure)
Confirm with . or Enter, or press ? or * to list all spells.
You conjure some foxfire!
The centaur zombie hits you!
You die...

#.... #... #...
##.. #..##.....
#..'ZZ# #..##
#...####
#.....Z########..
#......ZZ@v......
#........∩v.∩....
#################


You could see a quokka zombie, a big kobold zombie and a centaur zombie.

Vanquished Creatures
  Grinder (D:3)
  A worker ant (D:4)
  3 adders
  3 oozes
  2 adder zombies (Ossuary)
  2 worms
  A dart slug (D:1)
  5 leopard geckos
  4 orcs (D:3)
  11 bats
  3 giant cockroaches
  9 hobgoblins
  6 jackals (D:3)
  A quokka (D:3)
  5 frilled lizards
  6 goblins
  2 hobgoblin zombies (Ossuary)
  A jackal zombie (Ossuary)
  6 kobolds
  3 kobold zombies (Ossuary)
  A quokka zombie (Ossuary)
  10 rats
86 creatures vanquished.

Vanquished Creatures (others)
  242 foxfires
242 creatures vanquished.

Grand Total: 328 creatures vanquished

Notes
Turn   | Place    | Note
-------+----------+-------------------------------------------
     0 | D:1      | graki42 the Deep Elf Fire Elementalist began the quest for
                  | the Orb.
     0 | D:1      | Reached XP level 1. HP: 10/10 MP: 6/6
   296 | D:1      | Reached XP level 2. HP: 15/15 MP: 6/8
   828 | D:1      | Reached XP level 3. HP: 19/19 MP: 6/10
   833 | D:1      | Learned a level 3 spell: Conjure Flame
   837 | D:1      | Learned a level 3 spell: Inner Flame
  1685 | D:2      | Reached XP level 4. HP: 24/24 MP: 10/12
  2106 | D:3      | Found an iron altar of Okawaru.
  2207 | D:3      | Noticed Grinder
  2265 | D:3      | Killed Grinder
  2265 | D:3      | Reached skill level 5 in Spellcasting
  2265 | D:3      | Reached XP level 5. HP: 23/28 MP: 3/14
  2265 | D:3      | Reached XP level 6. HP: 26/32 MP: 3/16
  2378 | D:3      | Reached skill level 5 in Fire Magic
  3096 | D:3      | Found a hide-covered altar of Uskayaw.
  3622 | D:4      | Found a sand-covered staircase.
  3627 | Ossuary  | Entered an ossuary
  3776 | Ossuary  | Slain by a centaur zombie

Illustrated notes

Levels and vault maps discovered:
D:1:      elethiomel_arrival_infinity_welcomes_careful_drivers, layout_basic,
          grunt_decor_mini_mirrors
D:2:      layout_basic
D:3:      layout_basic, okawaru_ov_weapons_minmay,
          nicolae_overflow_hidden_temple, minmay_misc_feat_iff,
          minmay_box_of_dots, uniq_grinder
D:4:      minmay_clustersquares, layout_rooms, enter_ossuary_2
Ossuary:  minmay_ossuary_two_tombs

Skill      XL: |  1  2  3  4  5  6 |
---------------+-------------------+-----
Dodging        | 3 |  3.0
Stealth        | 3 |  3.0
Conjurations   | 2 3 |  3.9
Spellcasting   | 4 5 |  5.7
Fire Magic     | 4 5 |  5.2

Action                   |  1- 3 |  4- 6 || total
-------------------------+-------+-------++-------
Melee: Dagger            |     6 |    14 ||    20
 Cast: Foxfire           |    59 |    87 ||   146
       Conjure Flame     |       |     2 ||     2
 Stab: Sleeping          |       |     3 ||     3
Armor: Robe              |     1 |     4 ||     5
Dodge: Dodged            |    15 |    24 ||    39

Table legend: (Time is in decaauts)
 A = Elapsed time spent in this place.
 B = Non-inter-level travel time spent in this place.
 C = Inter-level travel time spent in this place.
 D = Time resting spent in this place.
 E = Time spent auto-exploring this place.
 F = Levels seen in this place.
 G = Mean time per level.
                   A        B        C        D        E       F      G
               +--------+--------+--------+--------+--------+-----+--------+
         Total |   3773 |   3661 |    112 |    281 |   2924 |   5 |  754.6 |
       Dungeon |   3624 |   3512 |    112 |    244 |   2852 |   4 |  906.0 |
       Ossuary |    148 |    148 |      0 |     37 |     72 |   1 |  148.0 |
               +--------+--------+--------+--------+--------+-----+--------+

Top non-repeatable levels by time:
     D:3: 1442 daAuts
     D:1: 1144 daAuts
     D:2: 876 daAuts
     D:4: 160 daAuts
 Ossuary: 148 daAuts
